 Dungeon Crawl Stone Soup version 0.30-a0-1066-g63dfefce0d (webtiles) character file.

Game seed: 13980032258676027728

34680 Newt the Markskobold (level 14, -5/77 HPs)
             Began as a Kobold Hunter on Apr 12, 2023.
             Was an Elder of Hepliaklqana.
             Slain by a seven-headed hydra (12 damage)
             ... on level 4 of the Lair of Beasts.
             The game lasted 00:12:50 (12939 turns).

Newt the Markskobold (Kobold Hunter)               Turns: 12939, Time: 00:12:51

Health: -5/77      AC:  8    Str: 15    XL:     14   Next: 14%
Magic:  25/25      EV: 25    Int: 11    God:    Hepliaklqana [****..]
Gold:   917        SH:  5    Dex: 28    Spells: 25/27 levels left

rFire   . . .      SeeInvis .    v - +8 hand crossbow "Hifreom" {flame, Will+}
rCold   + . .      Faith    .    (no shield)
rNeg    . . .      Spirit   .    H - +0 troll leather armour
rPois   +          Reflect  +    q - +1 helmet of Kleptomania {rPois rC+ Dex+6}
rElec   .          Rampage  .    o - scarf {harm}
rCorr   .          Harm     + .  (no gloves)
Will    ++...                    I - +0 pair of boots
Stlth   +++                      d - amulet of reflection
HPRegen 1.12/turn                e - +6 ring of strength
MPRegen 0.19/turn                i - ring of poison resistance

@: no status effects
A: reduced essence, small, no large weapons, nightstalker 3
a: Renounce Religion, Recall Ancestor, Ancestor Identity, Transference, Idealise


You were on level 4 of the Lair of Beasts.
You worshipped Hepliaklqana.
Hepliaklqana was greatly pleased with you.
You visited 3 branches of the dungeon, and saw 16 of its levels.

You collected 917 gold pieces.

Inventory:

Hand Weapons
 a - a +1 shortbow of flaming
 h - a +2 arbalest of flaming
 v - the +8 hand crossbow "Hifreom" (weapon) {flame, Will+}
   (You acquired it on level 6 of the Dungeon)

   Will:      It increases your willpower.
Armour
 c - a +1 leather armour
 j - a +3 scale mail
 o - a scarf of harm (worn)
 q - the +1 helmet of Kleptomania (worn) {rPois rC+ Dex+6}
   (You took it off Robin on level 3 of the Dungeon)

   Dex:       It affects your dexterity (+6).
   rC:        It protects you from cold.
   rPois:     It protects you from poison.
 E - a +0 cloak
 H - a +0 troll leather armour (worn)
 I - a +0 pair of boots (worn)
 V - +0 swamp dragon scales
Jewellery
 d - an amulet of reflection (around neck)
 e - a +6 ring of strength (left hand)
 i - a ring of poison resistance (right hand)
 u - a ring of resist corrosion
 W - a ring of wizardry
 Y - a ring of see invisible
Wands
 t - a wand of iceblast (13)
 x - a wand of mindburst (18)
 A - a wand of flame (16)
 U - a wand of polymorph (7)
 X - a wand of paralysis (5)
Scrolls
 b - 2 scrolls of immolation
 k - 8 scrolls of teleportation
 p - 2 scrolls of butterflies
 y - 2 scrolls of vulnerability
 B - 2 scrolls of blinking
 D - a scroll of silence
 F - 2 scrolls of poison
 G - a scroll of fear
 K - 3 scrolls of fog
 O - 2 scrolls of brand weapon
 P - a scroll of enchant armour
 Q - a scroll of amnesia
 R - a scroll of torment {unknown}
 S - a scroll of enchant weapon
 T - a scroll of magic mapping {unknown}
Potions
 f - 2 potions of cancellation
 g - 6 potions of brilliance
 l - 7 potions of heal wounds
 m - 4 potions of curing
 n - 3 potions of magic
 r - a potion of flight
 s - a potion of might
 w - 2 potions of invisibility
 z - a potion of ambrosia
 C - 4 potions of mutation
 J - 2 potions of lignification
 M - 2 potions of resistance
 N - 4 potions of haste
Miscellaneous
 L - a phantom mirror


   Skills:
 - Level 9.0 Fighting
 - Level 20.0 Ranged Weapons
 - Level 6.0 Armour
 + Level 10.0 Dodging
 - Level 1.3 Stealth
 - Level 7.3 Spellcasting
 - Level 7.3 Transmutations
 - Level 6.0 Evocations


You had 25 spell levels left.
You knew the following spells:

 Your Spells              Type           Power      Damage    Failure   Level
a - Wereblood             Tmut           20%        N/A       1%          2

Your spell library contained the following spells:

 Spells                   Type           Power      Damage    Failure   Level
 Beastly Appendage        Tmut           40%        N/A       1%          1
 Spider Form              Tmut/Pois      12%        N/A       13%         3
 Apportation              Tloc           8%         N/A       21%         1
 Kiss of Death            Conj/Necr      16%        2d6       21%         1
 Magic Dart               Conj           16%        1d3       21%         1
 Necrotise                Necr           16%        1d4       21%         1
 Blink                    Tloc           8%         N/A       30%         2
 Call Imp                 Summ           8%         N/A       30%         2
 Lesser Beckoning         Tloc           8%         N/A       30%         2
 Momentum Strike          Conj/Tloc      8%         3d8       30%         2
 Sublimation of Blood     Necr           4%         N/A       30%         2
 Petrify                  Tmut/Erth      12%        N/A       41%         4
 Confusing Touch          Hex            4%         N/A       52%         3
 Dazzling Flash           Conj/Hex       8%         N/A       52%         3
 Inner Flame              Hex/Fire       4%         N/A       52%         3
 Mephitic Cloud           Conj/Pois/Air  4%         N/A       52%         3
 Ozocubu's Armour         Ice            4%         N/A       52%         3
 Tukima's Dance           Hex            4%         N/A       52%         3
 Vampiric Draining        Necr           4%         2d6       52%         3
 Alistair's Intoxication  Tmut/Pois      8%         N/A       77%         5
 Irradiate                Conj/Tmut      6%         3d13      77%         5
 Yara's Violent Unravell  Hex/Tmut       6%         3d5       77%         5
 Cause Fear               Hex            2%         N/A       89%         4
 Dispel Undead            Necr           4%         3d7       89%         4
 Flame Wave               Conj/Fire      4%         2d5       89%         4
 Leda's Liquefaction      Hex/Erth       2%         N/A       89%         4
 Passage of Golubria      Tloc           4%         N/A       89%         4
 Sticky Flame             Conj/Fire      4%         2d3       89%         4
 Agony                    Necr           4%         N/A       99%         5
 Fireball                 Conj/Fire      2%         3d4       99%         5
 Iskenderun's Battlesphe  Conj           4%         2d6       99%         5
 Lee's Rapid Deconstruct  Erth           2%         3d4*      99%         5
 Silence                  Hex/Air        2%         N/A       99%         5
 Conjure Ball Lightning   Conj/Air       2%         3x3d6     100%        6
 Statue Form              Tmut/Erth      8%         N/A       100%        6
 Dragon Form              Tmut           10%        N/A       100%        7
 Orb of Destruction       Conj           2%         9d5       100%        7
 Ozocubu's Refrigeration  Ice            2%         4d7       100%        7
 Dragon's Call            Summ           2%         N/A       100%        9


Dungeon Overview and Level Annotations

Branches:
Dungeon (10/15)            Temple (1/1) D:4            Lair (5/5) D:10
  Swamp (0/4) Lair:3        Snake (0/4) Lair:2        Slime (0/5) Lair:4
    Orc (0/2) D:10

Altars:
Ashenzari
Cheibriados
Dithmenos
Elyvilon
Fedhas
Gozag
Hepliaklqana
Kikubaaqudgha
Makhleb
Nemelex Xobeh
Okawaru
Qazlal
Ru
Sif Muna
Trog
Uskayaw
Vehumet
Wu Jian
Xom
Yredelemnul
Zin
The Shining One

Shops:
D:2 =


Innate Abilities, Weirdness & Mutations

Your life essence is reduced to manifest your ancestor. (-10% HP)
You are small and have problems with some larger weapons.
You are completely attuned to the shadows.


Message History

The blink frog croaks.
The seven-headed hydra attacks as you move away!
The seven-headed hydra closely misses you.
The seven-headed hydra bites you but does no damage. x2
The seven-headed hydra barely misses you.
The seven-headed hydra completely misses you. x2
The seven-headed hydra closely misses you.
There is a stone staircase leading up here.
Unknown command.
The blink frog closely misses you. The seven-headed hydra bites you.
* * * LOW HITPOINT WARNING * * *
The seven-headed hydra misses you.
The seven-headed hydra barely misses you.
The seven-headed hydra bites you!
* * * LOW HITPOINT WARNING * * *
You block the seven-headed hydra's attack.
The seven-headed hydra completely misses you. x2
The blink frog blinks!
You climb upwards.
There is a stone staircase leading down here.
Unknown command.
Unknown command.
Unknown command.
You feel much better.
The seven-headed hydra barely misses you.
The seven-headed hydra bites you!
* * * LOW HITPOINT WARNING * * *
You block the seven-headed hydra's attack.
The seven-headed hydra barely misses you.
You block the seven-headed hydra's attack.
The seven-headed hydra completely misses you. x2
You shoot a bolt. The bolt hits the seven-headed hydra!!
The bolt burns the seven-headed hydra!
The seven-headed hydra is heavily wounded.
The seven-headed hydra bites you but does no damage.
The seven-headed hydra bites you!
* * * LOW HITPOINT WARNING * * *
The seven-headed hydra closely misses you.
The seven-headed hydra bites you!
You die...

##.##.#..#......# #.
#.###...#......###.
#######....##.....##..
#...#.....###......##.
#>..'..#...##......#..
#...#...####P.....####
#####..#.####..<..####
##..##.#..#......##.
#..@................
##.D................
##..................
#...................
#...##....#....##P##
##...##.###.....####
##..##.####.....##.#
#P..##....##...###..
#..........#....##..


You could see a seven-headed hydra.

Vanquished Creatures
  A catoblepas (Lair:2)
  4 hydras
  3 death yaks (Lair:4)
  A skyshark (Lair:4)
  A swamp dragon (Lair:3)
  An oklob plant (Lair:1)
  11 elephants
  3 black mambas
  3 rime drakes
  7 cane toads
  Psyche (D:8)
  4 unseen horror zombies (D:9)
  4 komodo dragons
  4 trolls
  12 blink frogs
  A polar bear (Lair:2)
  2 wraiths
  4 fire bats (D:10)
  4 basilisks
  29 yaks
  2 vampire mosquitoes (D:10)
  3 acid dragons
  12 water moccasins
  3 nagas (Lair:2)
  A hell hound (D:10)
  4 black bears
  3 ice beasts
  A sky beast (D:7)
  15 wolves
  4 centaurs
  3 kobold brigands
  14 bullfrogs
  6 scorpions
  6 wights
  A killer bee (D:10)
  5 howler monkeys
  2 lava snakes (D:10)
  2 hounds
  3 centaur zombies (D:9)
  2 jellies
  11 orc priests
  5 sleepcaps
  9 orc wizards
  5 iguanas
  A killer bee zombie (D:9)
  A howler monkey zombie (D:9)
  Robin (D:3)
  4 adders
  A white imp (D:6)
  2 ufetubi
  A worm (D:3)
  A dart slug (D:3)
  35 orcs
  7 ball pythons
  9 endoplasms
  5 giant cockroaches
  7 goblins
  9 hobgoblins
  8 jackals
  6 quokkas
  3 bats
  3 frilled lizards
  12 kobolds
  4 rats
  3 fire vortices (D:10)
345 creatures vanquished.

Vanquished Creatures (collateral kills)
  A hydra (Lair:2)
  An elephant (Lair:2)
  A black mamba (Lair:1)
  A polar bear (Lair:4)
  A blink frog (Lair:4)
  2 yaks
  2 wolves (Lair:1)
  A bullfrog (Lair:4)
  2 kobolds (D:10)
12 creatures vanquished.

Vanquished Creatures (others)
  A knight (Lair:5)
  2 ancestors (D:10)
  52 fungi
  58 plants
113 creatures vanquished.

Grand Total: 470 creatures vanquished

Notes
Turn   | Place    | Note
-------+----------+-------------------------------------------
     0 | D:1      | Newt the Kobold Hunter began the quest for the Orb.
     0 | D:1      | Reached XP level 1. HP: 12/12 MP: 1/1
   133 | D:1      | Reached XP level 2. HP: 18/18 MP: 2/2
   699 | D:1      | Reached XP level 3. HP: 23/23 MP: 3/3
   768 | D:2      | Identified a scroll of acquirement
   768 | D:2      | Acquired a +1 arbalest of flaming
   788 | D:2      | Found Xepnaomu's Jewellery Emporium.
  1913 | D:3      | Identified the +1 helmet of Kleptomania {rPois rC+ Dex+6}
  1913 | D:3      | Noticed Robin
  1914 | D:3      | Reached XP level 4. HP: 30/30 MP: 4/4
  1920 | D:3      | Killed Robin
  2120 | D:3      | Reached skill level 5 in Fighting
  2138 | D:3      | Found a shadowy altar of Dithmenos.
  2217 | D:3      | Identified the +4 ring mail of Kogutumn {Slay+2}
  2286 | D:3      | Reached XP level 5. HP: 25/35 MP: 5/5
  2434 | D:3      | Reached skill level 6 in Ranged Weapons
  2856 | D:4      | Noticed a black bear
  2857 | D:4      | Killed a black bear
  2858 | D:4      | Reached skill level 7 in Ranged Weapons
  2858 | D:4      | Reached XP level 6. HP: 40/40 MP: 6/6
  2866 | D:4      | Reached skill level 8 in Ranged Weapons
  2947 | D:4      | Reached XP level 7. HP: 44/44 MP: 7/7
  3209 | D:4      | Found a white marble altar of Elyvilon.
  3269 | D:4      | Found a staircase to the Ecumenical Temple.
  3450 | Temple   | Entered the Ecumenical Temple
  3628 | D:5      | Entered Level 5 of the Dungeon
  3642 | D:5      | Reached skill level 9 in Ranged Weapons
  3973 | D:5      | Reached skill level 10 in Ranged Weapons
  3999 | D:5      | Found an iron altar of Okawaru.
  4039 | D:5      | Found a glowing golden altar of the Shining One.
  4043 | D:5      | Reached XP level 8. HP: 49/49 MP: 8/8
  4070 | D:5      | Reached skill level 5 in Dodging
  4239 | D:5      | Found the +5 woodcutter's axe
  4942 | D:6      | Acquired the +8 hand crossbow "Hifreom" {flame, Will+}
  5033 | D:6      | Found a sparkling altar of Nemelex Xobeh.
  5052 | D:6      | Reached skill level 11 in Ranged Weapons
  5219 | D:6      | Reached skill level 12 in Ranged Weapons
  5219 | D:6      | Reached XP level 9. HP: 54/54 MP: 9/9
  5672 | D:6      | Reached skill level 13 in Ranged Weapons
  5927 | D:7      | Reached skill level 14 in Ranged Weapons
  5976 | D:7      | Noticed a troll
  5978 | D:7      | Killed a troll
  6380 | D:7      | Found a hazy altar of Hepliaklqana.
  6463 | D:7      | Became a worshipper of Hepliaklqana the Forgotten
  6519 | D:7      | Found a blossoming altar of Fedhas.
  6524 | D:7      | Found a faded altar of an unknown god.
  6526 | D:7      | Found a stormy altar of Qazlal.
  6527 | D:7      | Found an ornate altar of the Wu Jian Council.
  6532 | D:7      | Found a bloodstained altar of Trog.
  6822 | D:8      | Reached XP level 10. HP: 59/59 MP: 10/10
  6925 | D:8      | Noticed Psyche
  6926 | D:8      | Killed Psyche
  6927 | D:8      | Reached skill level 10 in Dodging
  7078 | D:8      | Found a snail-covered altar of Cheibriados.
  7444 | D:9      | Found an opulent altar of Gozag.
  7564 | D:9      | Found a basalt altar of Yredelemnul.
  7635 | D:9      | Found a radiant altar of Vehumet.
  7687 | D:9      | Reached skill level 5 in Armour
  7772 | D:9      | Reached skill level 1 in Evocations
  7816 | D:9      | Reached * piety under Hepliaklqana
  7880 | D:9      | Reached XP level 11. HP: 56/56 MP: 11/11
  7980 | D:9      | Reached skill level 5 in Evocations
  8335 | D:10     | Entered Level 10 of the Dungeon
  8395 | D:10     | Found a staircase to the Orcish Mines.
  8971 | D:10     | Found a staircase to the Lair.
  9140 | D:10     | Reached ** piety under Hepliaklqana
  9141 | D:10     | Remembered your ancestor Leofdaeg as a knight
  9194 | D:10     | Reached skill level 15 in Ranged Weapons
  9277 | Lair:1   | Entered Level 1 of the Lair of Beasts
  9288 | Lair:1   | Reached XP level 12. HP: 68/68 MP: 12/12
  9297 | Lair:1   | Learned a level 2 spell: Wereblood
  9450 | Lair:1   | Reached skill level 1 in Spellcasting
  9450 | Lair:1   | Reached skill level 1 in Transmutations
  9573 | Lair:1   | You fall into a shaft and drop 1 floor!
  9813 | Lair:2   | Noticed a seven-headed hydra
  9814 | Lair:2   | Noticed a catoblepas
  9816 | Lair:2   | Killed a seven-headed hydra
  9824 | Lair:2   | Killed a catoblepas
  9825 | Lair:2   | Reached skill level 5 in Spellcasting
  9825 | Lair:2   | Reached skill level 5 in Transmutations
 10111 | Lair:2   | Noticed a six-headed hydra
 10115 | Lair:2   | Killed a six-headed hydra
 10276 | Lair:2   | Reached *** piety under Hepliaklqana
 10392 | Lair:2   | Found a staircase to the Snake Pit.
 10784 | Lair:3   | Reached XP level 13. HP: 72/72 MP: 23/23
 10848 | Lair:3   | Found a staircase to the Swamp.
 10857 | Lair:3   | Identified the +2 falchion of Neky {flame, rF++ Str+4
                  | Int-2}
 11136 | Lair:3   | Reached skill level 16 in Ranged Weapons
 11740 | Lair:4   | Found a runed translucent door.
 11741 | Lair:4   | Found a staircase to the Slime Pits.
 11752 | Lair:4   | Noticed a six-headed hydra
 11758 | Lair:4   | Killed a six-headed hydra
 11761 | Lair:4   | Reached skill level 17 in Ranged Weapons
 12090 | Lair:4   | Reached skill level 18 in Ranged Weapons
 12300 | Lair:4   | Reached **** piety under Hepliaklqana
 12386 | Lair:4   | Reached skill level 19 in Ranged Weapons
 12843 | Lair:5   | Entered Level 5 of the Lair of Beasts
 12890 | Lair:5   | Reached XP level 14. HP: 77/77 MP: 25/25
 12928 | Lair:5   | Reached skill level 20 in Ranged Weapons
 12939 | Lair:4   | Slain by a seven-headed hydra

Illustrated notes

Levels and vault maps discovered:
D:1:      psy_arrival_basics, layout_rooms, corexii_corridor_pit
D:2:      layout_loops_corners, serial_shops, shop_statue,
          kennysheep_crisscross, eino_tiny_chamber
D:3:      layout_loops_ring, grunt_dithmenos_smoke, minmay_ruptured, uniq_robin
D:4:      layout_basic, nicolae_elyvilon_peaceful_grove, temple_pool_b,
          minmay_fractal_squares_5
D:5:      layout_layer_cave, lemuel_tele_altar, lemuel_crystal_altar
D:6:      layout_loops_ring, nemelex_xobeh_ov_fountains_minmay
D:7:      layout_loops_ring, mainiacjoe_overflow_cross_hatched,
          chequers_temple_overflow_minitemple, minmay_increasing_density
D:8:      layout_loops_ring, marbit_many_paths, uniq_psyche
D:9:      layout_irregular_city, overflow_temple_1_default, vehumet_crystals,
          nicolae_yredelemnul_corpse_copse, serial_park_tiny_1,
          chequers_mini_garden
D:10:     layout_rooms, due_lair_maze_entry_diamond, orc_0_dummy,
          minmay_misc_feat_ornament, st_stairs_11, kennysheep_path_1, hex_large,
          hangedman_incinerator
Temple:   hellmonk_temple_forest_ring
Lair:1:   layout_regular_city, minmay_lair_oklob_items, worms_lemuel,
          infiniplex_staircase_pool_2
Lair:2:   layout_regular_city, nicolae_snake_entry_squirm
Lair:3:   layout_roguey, minmay_swamp_entry_reptiles, serial_bayou_shore_b
Lair:4:   layout_regular_city, slime_entry_2, pdpol_lair_neglected_garden,
          lemuel_fruit_tree
Lair:5:   due_jungle_book, layout_loops_ring, st_stairs_9, tgw_fedhas

Skill      XL: |  1  2  3  4  5  6  7  8  9 10 11 12 13 14 |
---------------+-------------------------------------------+-----
Fighting       | 3 4 5 9 |  9.0
Ranged Weapons | 7 8 10 12 14 15 19 20 | 20.0
Dodging        | 4 6 9 10 | 10.0
Armour         | 6 |  6.0
Evocations     | 3 6 |  6.0
Spellcasting   | 6 7 |  7.3
Transmutations | 6 7 |  7.3
Stealth        | |  1.3

Action                     |  1- 3 |  4- 6 |  7- 9 | 10-12 | 13-15 || total
---------------------------+-------+-------+-------+-------+-------++-------
   Fire: Shortbow          |    55 |       |       |       |       ||    55
         Arbalest          |    24 |    86 |    72 |       |       ||   182
         Hand crossbow     |       |       |    74 |   261 |   144 ||   479
   Cast: Wereblood         |       |       |       |       |     6 ||     6
 Invoke: Recall Ancestor   |       |       |       |     2 |     1 ||     3
         Ancestor Life: Kn |       |       |       |     1 |       ||     1
    Use: Scroll            |     8 |     3 |     7 |     9 |     2 ||    29
         Potion            |       |       |       |       |     2 ||     2
 Armour: Leather armour    |     6 |    17 |     7 |       |       ||    30
         Troll leather arm |       |       |       |    15 |     7 ||    22
  Dodge: Dodged            |    31 |    58 |    23 |   102 |    71 ||   285
  Block: Other             |    14 |    17 |    15 |    31 |    17 ||    94
         Reflection        |       |     1 |     1 |     3 |       ||     5

Table legend: (Time is in decaauts)
 A = Elapsed time spent in this place.
 B = Non-inter-level travel time spent in this place.
 C = Inter-level travel time spent in this place.
 D = Time resting spent in this place.
 E = Time spent auto-exploring this place.
 F = Levels seen in this place.
 G = Mean time per level.
                   A        B        C        D        E       F      G
               +--------+--------+--------+--------+--------+-----+--------+
         Total |  13130 |  12661 |    469 |    510 |  10545 |  16 |  820.6 |
       Dungeon |   9297 |   8908 |    389 |    386 |   7364 |  10 |  929.7 |
        Temple |    158 |    144 |     14 |      0 |    136 |   1 |  158.0 |
          Lair |   3674 |   3608 |     66 |    124 |   3045 |   5 |  734.8 |
               +--------+--------+--------+--------+--------+-----+--------+

Top non-repeatable levels by time:
     D:5: 1309 daAuts
  Lair:2: 1187 daAuts
  Lair:4: 1113 daAuts
     D:2: 1045 daAuts
  Lair:3: 976 daAuts
     D:7: 965 daAuts
     D:9: 955 daAuts
    D:10: 934 daAuts
     D:3: 928 daAuts
     D:6: 883 daAuts
     D:4: 809 daAuts
     D:1: 776 daAuts
     D:8: 688 daAuts
  Lair:1: 302 daAuts
  Temple: 158 daAuts
